 Dungeon Crawl Stone Soup version 0.28-a0-247-gb8bfbab023 (webtiles) character file.

Game seed: 4505195377201457501

1635 Spaninq the Insei (level 8, -7/61 HPs)
             Began as a Demonspawn Wanderer on Aug 25, 2021.
             Was an Initiate of Hepliaklqana.
             Mangled by a hornet (10 damage)
             ... while paralysed by a hornet
             ... on level 8 of the Dungeon.
             The game lasted 00:20:08 (7366 turns).

Spaninq the Insei (Demonspawn Wanderer)             Turns: 7366, Time: 00:20:09

Health: -7/61      AC: 12    Str: 13    XL:     8   Next: 66%
Magic:  8/8        EV:  2    Int: 11    God:    Hepliaklqana [......]
Gold:   178        SH:  0    Dex: 17    Spells: 6/7 levels left

rFire   . . .      SeeInvis .     - Unarmed
rCold   . . .      Faith    .   y - +2 buckler
rNeg    . . .      Spirit   .   C - +0 chain mail
rPois   .          Reflect  .   h - +0 helmet
rElec   .          Harm     .   (no cloak)
rCorr   .          Rampage  .   (gloves unavailable)
Will    +....                   s - +0 pair of boots
Stlth   ..........              (no amulet)
HPRegen 0.20/turn               i - ring of willpower
MPRegen 0.11/turn               (no ring)

@: paralysed, lethally poisoned (-7 -> -23), slowed
A: claws 3, hooves 1, powered by death 1
a: Renounce Religion


You were on level 8 of the Dungeon.
You worshipped Hepliaklqana.
Hepliaklqana was noncommittal.
You visited 2 branches of the dungeon, and saw 8 of its levels.
You also visited: Sewer.

You collected 178 gold pieces.

Inventory:

Hand Weapons
 B - a +0 hand axe of flaming
Armour
 h - a +0 helmet (worn)
 s - a +0 pair of boots (worn)
 y - a +2 buckler (worn)
 C - a +0 chain mail (worn)
Jewellery
 i - a ring of willpower (left claw)
 m - a +6 ring of intelligence
Wands
 j - a wand of iceblast (10)
 x - a wand of charming (7)
Scrolls
 c - 2 scrolls of immolation {unknown}
 e - 2 scrolls of magic mapping {unknown}
 g - 4 scrolls of identify {unknown}
 n - 2 scrolls of holy word {unknown}
 o - a scroll of enchant armour {unknown}
 q - a scroll of fear {unknown}
 t - a scroll of amnesia {unknown}
 u - a scroll of torment {unknown}
 w - 2 scrolls of teleportation {unknown}
Potions
 a - a potion of flight {unknown}
 b - 3 potions of heal wounds
 d - a potion of brilliance {unknown}
 k - a potion of haste {unknown}
 l - 2 potions of lignification {unknown}
 r - a potion of experience {unknown}
 v - a potion of curing {unknown}
 z - 2 potions of ambrosia {unknown}
 A - a potion of degeneration {unknown}


   Skills:
 + Level 4.8 Fighting
 - Level 2.1 Short Blades
 - Level 1.0 Throwing
 + Level 4.4 Armour
 - Level 1.7 Dodging
 - Level 1.0 Stealth
 * Level 3.9 Shields
 * Level 6.3 Unarmed Combat
 - Level 1.7 Transmutations
 - Level 1.0 Poison Magic


You had 6 spell levels left.
You knew the following spells:

 Your Spells              Type           Power      Damage    Failure   Level
a - Freeze                Ice            0%         1d3       100%        1

Your spell library contained the following spells:

 Spells                   Type           Power      Damage    Failure   Level
 Animate Skeleton         Necr           0%         N/A       100%        1
 Apportation              Tloc           0%         N/A       100%        1
 Corona                   Hex            0%         N/A       100%        1
 Shock                    Conj/Air       0%         1d3       100%        1
 Summon Small Mammal      Summ           0%         N/A       100%        1
 Ensorcelled Hibernation  Hex/Ice        0%         N/A       100%        2
 Frozen Ramparts          Ice            0%         1d2       100%        3
 Inner Flame              Hex/Fire       0%         N/A       100%        3
 Spider Form              Tmut/Pois      1%         N/A       100%        3
 Swiftness                Air            0%         N/A       100%        3
 Airstrike                Air            0%         N/A       100%        4
 Cause Fear               Hex            0%         N/A       100%        4
 Shadow Creatures         Summ           N/A        N/A       100%        6
 Discord                  Hex            0%         N/A       100%        8


Dungeon Overview and Level Annotations

Branches:
Dungeon (6/15)             Temple (1/1) D:6           Sewer (visited)

Altars:
Ashenzari
Dithmenos
Elyvilon
Fedhas
Gozag
Hepliaklqana
Makhleb
Nemelex Xobeh
Ru
Trog
Wu Jian
Xom
Yredelemnul
Zin
The Shining One

Shops:
D:2 *[?   D:3 [


Innate Abilities, Weirdness & Mutations

You have claws for hands.
You have large cloven feet.
You regenerate a little health from kills.


Message History

You scratch the two-headed ogre.
The two-headed ogre is lightly wounded.
The two-headed ogre hits you with a +0 giant club!!
The two-headed ogre hits you with a +0 giant club!
* * * LOW HITPOINT WARNING * * *
A hornet comes into view.
You see here a +0 spear.
Items here: )))) [ †††.
There is a stone staircase leading down here.
You see here a +0 spear.
Items here: )))) [ ÷÷÷.
You closely miss the hornet. The hornet stings you.
You feel yourself slow down.
You scratch the hornet.
The hornet is lightly wounded.
The hornet barely misses you.
The hornet stings you but does no damage.
Your chain mail prevents you from hitting the hornet.
The hornet is lightly wounded.
You feel yourself speed up. You block the hornet's attack.
The hornet stings you but does no damage.
You claw the hornet!
The hornet is moderately wounded.
The hornet stings you.
You are poisoned.
You suddenly lose the ability to move!
The hornet stings you but does no damage.
You feel very sick. The hornet stings you.
* * * LOW HITPOINT WARNING * * *
You are lethally poisoned!
You feel yourself slow down.
* * * LOW HITPOINT WARNING * * *
You feel very sick. The hornet stings you!
* * * LOW HITPOINT WARNING * * *
You feel as though you will be slow longer.
The hornet stings you!
You die...

#.......y....######
##.########.......# #>#
#.####### #. #.# #...#
#.##.# ###.# #.##.# #.#
#.##.# #.# #.##.# #y#
#.##@# #.# ######.##y#
#####.#
#........O######....y#
##.####........##.#####
#######.....÷........##.#
.........########....##.#
#######.## #.#.###y#
...####.# #.#.# #)#
#......# #.#.###.#


You could see a two-headed ogre and a hornet.

Vanquished Creatures
  A steam dragon (D:6)
  Edmund (D:4)
  A water moccasin (D:6)
  Purgy (Sewer)
  An orc warrior (D:6)
  An ice beast (D:5)
  A bullfrog (D:8)
  A wyvern skeleton (D:5)
  A howler monkey (D:4)
  2 bullfrog zombies
  2 centaur zombies (D:6)
  An orc priest (D:6)
  A centaur skeleton (D:6)
  A hound (D:4)
  A bullfrog skeleton (D:4)
  2 gnoll shamans
  A human skeleton (D:4)
  Natasha (D:1)
  2 iguanas
  Ijyb (D:5)
  An orc wizard (D:4)
  A killer bee zombie (D:5)
  A hound skeleton (D:4)
  Robin (D:2)
  14 gnolls
  A howler monkey skeleton (D:6)
  6 adders
  A river rat (D:4)
  A white imp (D:3)
  An adder zombie (D:5)
  An adder skeleton (D:5)
  A worm (D:2)
  2 dart slugs (D:1)
  11 orcs
  7 endoplasms
  5 giant cockroaches
  8 goblins
  10 hobgoblins
  7 jackals
  A quokka (D:2)
  4 ball pythons
  5 bats
  2 frilled lizards
  9 kobolds
  13 rats
138 creatures vanquished.

Vanquished Creatures (others)
  A human (D:4)
  An orc (D:4)
2 creatures vanquished.

Grand Total: 140 creatures vanquished

Notes
Turn   | Place    | Note
-------+----------+-------------------------------------------
     0 | D:1      | Spaninq the Demonspawn Wanderer began the quest for the
                  | Orb.
     0 | D:1      | Spaninq set off with the following items: a +2 dagger, a
                  | potion of heal wounds, a +0 short sword, a +0 robe; and the
                  | following spell memorised: Freeze; and the following spells
                  | available to memorise: Frozen Ramparts
     0 | D:1      | Reached XP level 1. HP: 13/13 MP: 1/1
     6 | D:1      | Noticed a swamp drake
     9 | D:1      | Noticed a lindwurm
     9 | D:1      | Noticed a water moccasin
   719 | D:1      | Gained mutation: You have sharp fingernails. [demonic
                  | ancestry]
   719 | D:1      | Reached XP level 2. HP: 5/20 MP: 2/2
  1469 | D:1      | Reached skill level 1 in Fighting
  1474 | D:1      | Reached skill level 1 in Unarmed Combat
  1476 | D:1      | Reached skill level 1 in Armour
  1845 | D:1      | Gained mutation: You have very sharp fingernails. [demonic
                  | ancestry]
  1845 | D:1      | Reached XP level 3. HP: 25/26 MP: 3/3
  2110 | D:2      | Found a faded altar of an unknown god.
  2117 | D:2      | Noticed Natasha
  2243 | D:1      | Killed Natasha
  2546 | D:2      | Found Tetankes's Antique Armour Shoppe.
  2617 | D:2      | Reached skill level 2 in Unarmed Combat
  2617 | D:2      | Reached XP level 4. HP: 14/32 MP: 4/4
  2991 | D:2      | Found Ehoedgh's General Store.
  3052 | D:2      | Noticed Robin
  3163 | D:2      | Killed Robin
  3548 | D:2      | Found Raemo's Magic Scroll Emporium.
  3685 | D:2      | Reached XP level 5. HP: 24/38 MP: 5/5
  3877 | D:3      | Found Piutuc's Antique Armour Boutique.
  5100 | D:4      | Reached skill level 3 in Unarmed Combat
  5184 | D:4      | Found a glowing drain.
  5259 | Sewer    | Entered a sewer
  5437 | Sewer    | Noticed Purgy
  5453 | Sewer    | Killed Purgy
  5454 | Sewer    | Gained mutation: You have claws for hands. [demonic
                  | ancestry]
  5454 | Sewer    | Reached XP level 6. HP: 24/46 MP: 6/6
  5685 | D:4      | Noticed Edmund
  5701 | D:4      | Killed Edmund
  5702 | D:4      | Reached skill level 4 in Unarmed Combat
  5838 | D:4      | Found a runed translucent door.
  5838 | D:4      | Noticed a human
  5851 | D:4      | Gained mutation: You have large cloven feet. [demonic
                  | ancestry]
  5851 | D:4      | Reached XP level 7. HP: 52/52 MP: 7/7
  5877 | D:4      | Found a basalt altar of Yredelemnul.
  5921 | D:4      | Killed a human
  6181 | D:5      | Entered Level 5 of the Dungeon
  6198 | D:5      | Noticed Ijyb
  6204 | D:5      | Killed Ijyb
  6325 | D:5      | Reached skill level 5 in Unarmed Combat
  6480 | D:5      | Gained mutation: You regenerate a little health from kills.
                  | [demonic ancestry]
  6480 | D:5      | Reached XP level 8. HP: 49/60 MP: 8/8
  6712 | D:6      | Found a staircase to the Ecumenical Temple.
  6719 | Temple   | Entered the Ecumenical Temple
  6801 | Temple   | Became a worshipper of Hepliaklqana the Forgotten
  6906 | D:6      | Reached skill level 6 in Unarmed Combat
  7022 | D:6      | You fall into a shaft and drop 2 floors!
  7275 | D:8      | Noticed a two-headed ogre
  7281 | D:8      | Noticed a hornet
  7364 | D:8      | Paralysed by a hornet for 2 turns
  7366 | D:8      | HP: 3/61 [hornet (8)]
  7366 | D:8      | Mangled by a hornet

Illustrated notes

Levels and vault maps discovered:
D:1:      onia_arrival_zoo_common, layout_basic
D:2:      layout_loops_ring, serial_shops,
          nicolae_shop_temple_entry_statues_fountains, shop, nicolae_shop_stone,
          dreamdust_ecumenical_altar_grove, uniq_natasha, uniq_robin
D:3:      minmay_inner_zag, layout_loops_ring, mainiacjoe_overflow_brackets,
          serial_shops, shop, st_stairs_9, due_unseen_surprise
D:4:      layout_cave_pools, dk_yredelemnul_ordeal, portal_sewer_entry_b,
          uniq_edmund
D:5:      layout_basic, uniq_ijyb
D:6:      layout_loops_ring, temple_green, chequers_garden, grunt_potential
D:8:      layout_loops_ring, minmay_misc_feat_columns, grunt_ministairs_3,
          uniq_grum
Temple:   dshaligram_water_room_temple

Skill      XL: |  1  2  3  4  5  6  7  8 |
---------------+-------------------------+-----
Short Blades   | 2 |  2.1
Fighting       | 1 2 3 4 |  4.8
Unarmed Combat | 1 2 3 4 5 6 |  6.3
Armour         | 1 2 3 4 |  4.4
Shields        | 2 3 |  3.9
Throwing       | |  1.0
Dodging        | |  1.7
Stealth        | |  1.0
Transmutations | |  1.7
Poison Magic   | |  1.0

Action                   |  1- 3 |  4- 6 |  7- 9 || total
-------------------------+-------+-------+-------++-------
Melee: Dagger            |    90 |       |       ||    90
       Unarmed           |    54 |   229 |   217 ||   500
       Punch             |       |     1 |       ||     1
Evoke: Wand              |       |       |     1 ||     1
 Stab: Sleeping          |     1 |     3 |     3 ||     7
Armor: Ring mail         |    46 |    70 |       ||   116
       Troll leather arm |       |    12 |    35 ||    47
       Chain mail        |       |       |    14 ||    14
Dodge: Dodged            |    53 |   132 |    86 ||   271
Block: Buckler           |       |       |    50 ||    50

Table legend: (Time is in decaauts)
 A = Elapsed time spent in this place.
 B = Non-inter-level travel time spent in this place.
 C = Inter-level travel time spent in this place.
 D = Time resting spent in this place.
 E = Time spent auto-exploring this place.
 F = Levels seen in this place.
 G = Mean time per level.
                   A        B        C        D        E       F      G
               +--------+--------+--------+--------+--------+-----+--------+
         Total |   7341 |   7228 |    113 |   1981 |   3558 |   9 |  815.7 |
       Dungeon |   6864 |   6759 |    105 |   1764 |   3459 |   7 |  980.6 |
        Temple |     91 |     83 |      8 |      0 |     60 |   1 |   91.0 |
         Sewer |    385 |    385 |      0 |    217 |     39 |   1 |  385.0 |
               +--------+--------+--------+--------+--------+-----+--------+

Top non-repeatable levels by time:
     D:1: 2509 daAuts
     D:2: 1273 daAuts
     D:3: 1224 daAuts
     D:4: 778 daAuts
     D:5: 505 daAuts
   Sewer: 385 daAuts
     D:8: 340 daAuts
     D:6: 234 daAuts
  Temple: 91 daAuts
